 Dungeon Crawl Stone Soup version 0.23-a0-300-g6719eeacba (webtiles) character file.

642 Cefor the Cleaver (level 7, 0/60 HPs)
             Began as a Minotaur Fighter on Aug 7, 2018.
             Slain by Pikel
             ... wielding a +0 whip of flaming
              (5 damage)
             ... on level 6 of the Dungeon on Oct 7, 2018.
             The game lasted 00:34:53 (3790 turns).

Cefor the Cleaver (Minotaur Fighter)                Turns: 3790, Time: 00:34:54

Health: 0/60       AC:  6    Str: 23    XL:     7   Next: 26%
Magic:  6/6        EV:  8    Int:  5    God:
Gold:   186        SH: 10    Dex:  9    Spells: 6/6 levels left

rFire    . . .     SeeInvis .   a - +0 war axe
rCold    . . .     Gourm    .   c - +0 shield
rNeg     . . .     Faith    .   j - +0 ring mail {rPois}
rPois    +         Spirit   .   (helmet restricted)
rElec    .         Reflect  .   (no cloak)
rCorr    .         Harm     .   (no gloves)
MR       .....                  (no boots)
Stlth    ..........             (no amulet)
HPRegen  0.20/turn              (no ring)
MPRegen  0.10/turn              (no ring)

@: no status effects
A: retaliatory headbutt, horns 2
a: no special abilities


You were on level 6 of the Dungeon.
You were not hungry.

You visited 1 branch of the dungeon, and saw 6 of its levels.

You collected 186 gold pieces.

Inventory:

Hand Weapons
 a - a +0 war axe (weapon)
 k - a +0 dagger of draining
Armour
 b - a +1 scale mail
 c - a +0 shield (worn)
 j - a +0 ring mail of poison resistance (worn)
Jewellery
 g - an uncursed ring of magical power
 q - a cursed ring of teleportation {unknown}
Scrolls
 d - a scroll of blinking {unknown}
 e - 3 scrolls of remove curse
 h - 9 scrolls of identify
 r - a scroll of enchant armour
Potions
 i - 2 potions of curing {unknown}
 l - a potion of degeneration {unknown}
 m - a potion of brilliance {unknown}
 n - a potion of heal wounds {unknown}
 o - a potion of resistance {unknown}
Comestibles
 f - 4 rations
 p - a chunk of flesh


   Skills:
 + Level 4.6 Fighting
 * Level 8.4 Axes
 - Level 4.4 Armour
 + Level 4.7 Shields


You had 6 spell levels left.
You didn't know any spells.
Your spell library was empty.

Dungeon Overview and Level Annotations

Branches:
Dungeon (6/15)
 Temple: D:4-7

Altars:
Kikubaaqudgha
Xom

Shops:
D:4 (

Annotations:
D:5 Sigmund
D:6 Pikel


Innate Abilities, Weirdness & Mutations

You reflexively headbutt those who attack you in melee.
You have a pair of horns on your head.


Message History

You are too injured to fight recklessly!
You are too injured to fight recklessly!
You slash Pikel!
Pikel is almost dead.
You hit the jackal but do no damage. The jackal bites you.
* * * LOW HITPOINT WARNING * * *
Pikel completely misses you.
The jackal bites you but does no damage.
You closely miss Pikel.
Pikel is almost dead.
You barely miss the jackal.
Pikel cracks his whip.
You block Pikel's attack. The jackal barely misses you.
You furiously retaliate!
You headbutt the jackal!
You kill the jackal!
Pikel hits you but does no damage.
You miss Pikel. Your headbutt misses Pikel.
Pikel is almost dead.
Pikel hits you with a whip of flaming.
You die...

#.#
#.#
#.#
#.# #
#.#.#
#.#.#
#K..#
#@#
#.#
###


You could see Pikel.

Vanquished Creatures
  A slave (D:5)
  A scorpion (D:4)
  A jelly (D:1)
  An orc priest (D:3)
  2 hounds (D:4)
  An iguana (D:5)
  2 orc wizards
  Natasha (thrice) (D:3)
  4 worker ants
  3 gnolls (D:3)
  7 adders
  A shadow imp (D:5)
  An ooze (D:3)
  3 worms
  A dart slug (D:4)
  3 leopard geckos
  10 orcs
  A ball python (D:1)
  2 giant cockroaches
  8 goblins
  13 hobgoblins
  15 jackals
  9 kobolds
  A quokka (D:4)
  7 bats
  5 frilled lizards
  A leopard gecko skeleton (D:4)
  4 rats
111 creatures vanquished.

Vanquished Creatures (others)
  A human (D:2)
1 creature vanquished.

Grand Total: 112 creatures vanquished

Notes
Turn   | Place    | Note
-------+----------+-------------------------------------------
     0 | D:1      | Cefor the Minotaur Fighter began the quest for the Orb.
     0 | D:1      | Reached XP level 1. HP: 19/19 MP: 0/0
   117 | D:1      | Upgraded the game from 0.23-a0-49-gd9f7a49668 to
                  | 0.23-a0-300-g6719eeacba
   122 | D:1      | Reached XP level 2. HP: 27/27 MP: 1/1
   535 | D:1      | Reached skill level 3 in Axes
   744 | D:1      | Reached XP level 3. HP: 9/33 MP: 2/2
  1270 | D:2      | Reached XP level 4. HP: 39/40 MP: 3/3
  1306 | D:2      | Reached skill level 4 in Axes
  1585 | D:2      | Found an ancient bone altar of Kikubaaqudgha.
  1586 | D:2      | Noticed a human
  1588 | D:2      | Killed a human
  1698 | D:2      | Found a faded altar of an unknown god.
  1812 | D:3      | Found a shimmering altar of Xom.
  1928 | D:3      | Reached XP level 5. HP: 45/47 MP: 4/4
  1991 | D:3      | Noticed Natasha
  1996 | D:3      | Killed Natasha
  1996 | D:3      | Reached skill level 5 in Axes
  2027 | D:3      | Noticed Natasha
  2031 | D:3      | Killed Natasha
  2054 | D:3      | Noticed Natasha
  2061 | D:3      | Killed Natasha
  2107 | D:3      | Reached skill level 6 in Axes
  2439 | D:3      | Reached XP level 6. HP: 41/53 MP: 5/5
  3119 | D:4      | Reached skill level 7 in Axes
  3165 | D:4      | Found Qaschya's Antique Weapon Boutique.
  3270 | D:4      | Reached XP level 7. HP: 60/60 MP: 6/6
  3359 | D:4      | Reached skill level 8 in Axes
  3558 | D:5      | Entered Level 5 of the Dungeon
  3731 | D:5      | Noticed Sigmund
  3738 | D:5      | Noticed Pikel
  3771 | D:5      | HP: 3/60 [slave[Pikel] (8)]
  3790 | D:6      | Slain by Pikel

Vault maps used:
D:1:      dpeg_arrival_tiny_f
D:2:      chequers_ecumenical_altar_lobes, serial_bayou_pond_c,
          kennysheep_cluttered_room, tgw_kikubaaqudgha
D:3:      lemuel_crystal_altar, serial_glass, glass_columns_a, glass_columns_a,
          skrybe_limestone_x, uniq_natasha
D:4:      first_ration, serial_shops, shop, kennysheep_generic_room_8
D:5:      serial_shops, shop, uniq_menkaure, uniq_sigmund, uniq_pikel,
          uniq_duvessa
D:6:      grunt_temple_overflow_growth_and_decay,
          chequers_temple_overflow_statue_of_worship, minmay_temple_entry_fiery,
          gammafunk_ghost_nasty_kobolds, serial_shops, shop

Skill      XL: |  1  2  3  4  5  6  7 |
---------------+----------------------+-----
Armour         | 4 |  4.4
Fighting       | 4 |  4.6
Axes           | 3 4 6 7 8 |  8.4
Shields        | 4 |  4.7

Action                   |  1- 3 |  4- 6 |  7- 9 || total
-------------------------+-------+-------+-------++-------
Melee: War axe           |    75 |   179 |    51 ||   305
       Headbutt          |    10 |    36 |     6 ||    52
  Use: Scroll            |     2 |     4 |     2 ||     8
       Potion            |     2 |     1 |       ||     3
  Eat: Chunk             |     1 |     4 |     1 ||     6
       Ration            |       |     1 |       ||     1
Armor: Scale mail        |    33 |    44 |       ||    77
       Ring mail         |       |    13 |    14 ||    27
Dodge: Dodged            |    16 |    54 |    20 ||    90
Block: Shield            |    38 |    90 |    36 ||   164

Table legend:
 A = Non-vault XP
 B = Vault XP
 C = Vault XP percentage of total XP
 D = Non-vault monster count
 E = Vault monster count
 F = Vault count percentage of total count
                 A         B        C        D         E       F
            +---------+---------+-------+---------+---------+-------
      Total |     850 |      68 |   7.4 |     108 |       2 |   1.8
            +---------+---------+-------+---------+---------+-------
        D:1 |      82 |       0 |   0.0 |      23 |       0 |   0.0
        D:2 |      49 |       0 |   0.0 |      18 |       0 |   0.0
        D:3 |     336 |      35 |   9.4 |      46 |       1 |   2.1
        D:4 |     292 |      33 |  10.2 |      15 |       1 |   6.2
        D:5 |      89 |       0 |   0.0 |       5 |       0 |   0.0
        D:6 |       2 |       0 |   0.0 |       1 |       0 |   0.0
            +---------+---------+-------+---------+---------+-------
